 Dungeon Crawl Stone Soup version 0.31-a0-986-g5e6e4ef867 (webtiles) character file.

Game seed: 5122477986886831295

16019 bmb222 the Mimic (level 12, -13/109 HPs)
             Began as a Demonspawn Shapeshifter on Nov 22, 2023.
             Was an Initiate of Gozag.
             Mangled by Donald
             ... wielding a +3 scimitar of electrocution
              (15 damage)
             ... on level 2 of the Orcish Mines.
             The game lasted 00:28:55 (13577 turns).

bmb222 the Mimic (Demonspawn Shapeshifter)         Turns: 13577, Time: 00:28:57

Health: -13/109    AC:  9    Str: 30    XL:     12   Next: 6%
Magic:  0/12       EV: 16    Int: 12    God:    Gozag
Gold:   2418       SH:  0    Dex: 13    Spells: 11/11 levels left

rFire   . .          .
                       - Unarmed
rCold   . . .        (shield currently unavailable)
rNeg    . . .        Q - melded +2 plate armour {rC+}
rPois   .            M - melded +2 hat "Kufevo Lygi" {rF++ rC+ rCorr Str-2}
rElec   .            O - melded +2 cloak
rCorr   .            N - melded +0 pair of gloves
SInv    .            (boots currently unavailable)
Will    .....        y - amulet of regeneration Stlth
                     e - +5 ring of evasion
HPRegen 1.18/turn    x - +6 ring of strength
MPRegen 0.26/turn

%: guardian spirit
@: snake-form, silenced, gold aura
A: constrict, boosted hp, large, (antennae 3), (spiny 1), magic shield, magic
regeneration, (sturdy frame 1)
a: Begin Untransformation, Renounce Religion


You were on level 2 of the Orcish Mines.
You worshipped Gozag.
Gozag was most pleased with you.
You were an enormous anaconda.
You visited 3 branches of the dungeon, and saw 13 of its levels.
You also visited: Bailey.

You collected 2812 gold pieces.
You spent 365 gold pieces at shops.
You paid 29 gold pieces to Gozag.

Inventory:

Missiles
 v - 11 atropa-tipped darts
Armour
 a - a +0 animal skin
 m - a +0 ring mail
 s - a +1 chain mail
 D - a +1 chain mail of willpower
 L - a +1 ring mail of fire resistance
 M - the +2 hat "Kufevo Lygi" (melded) {rF++ rC+ rCorr Str-2}
   (You found it in a bailey)

   Str-2:     It affects your strength (-2).
   rF++:      It greatly protects you from fire.
   rC+:       It protects you from cold.
   rCorr:     It protects you from acid and corrosion.
 N - a +0 pair of gloves (melded)
 O - a +2 cloak (melded)
 Q - a +2 plate armour of cold resistance (melded)
Jewellery
 e - a +5 ring of evasion (left hand)
 h - a +6 ring of intelligence
 k - a ring of poison resistance
 n - a ring of positive energy
 o - a ring of fire
 p - a ring of magical power
 r - a ring of see invisible
 x - a +6 ring of strength (right hand)
 y - an amulet of regeneration (around neck)
 K - a ring of willpower
 U - an amulet of reflection
Talismans
 c - a beast talisman
 d - a flux talisman
 I - a serpent talisman (active)
Wands
 u - a wand of flame (1)
 C - a wand of roots (5)
 R - a wand of quicksilver (7)
 S - a wand of paralysis (4)
Scrolls
 i - a scroll of silence
 j - 4 scrolls of enchant weapon
 l - a scroll of vulnerability
 z - a scroll of identify
 G - a scroll of revelation
 H - 2 scrolls of enchant armour
 J - a scroll of fog
 T - a scroll of teleportation {unknown}
Potions
 b - 3 potions of lignification
 f - 2 potions of enlightenment
 g - a potion of ambrosia
 q - 2 potions of mutation {unknown}
 t - 3 potions of invisibility {unknown}
 w - 3 potions of haste {unknown}
 A - a potion of cancellation {unknown}
 B - 3 potions of magic {unknown}
 F - a potion of attraction {unknown}
 P - a potion of experience {unknown}


   Skills:
 * Level 7.3 Fighting
 - Level 7.6 Armour
 * Level 4.6 Dodging
 * Level 9.8 Unarmed Combat
 + Level 2.2 Evocations
 + Level 10.4 Shapeshifting


You had 11 spell levels left.
You didn't know any spells.
Your spell library contained the following spells:

 Spells                   Type           Power      Damage    Failure   Level
 Apportation              Tloc           0%         N/A       32%         1
 Freeze                   Ice            0%         1d3       32%         1
 Kiss of Death            Conj/Necr      0%         2d5       32%         1
 Necrotise                Necr           0%         1d4       32%         1
 Summon Small Mammal      Summ           0%         N/A       32%         1
 Blink                    Tloc           0%         N/A       45%         2
 Lesser Beckoning         Tloc           0%         N/A       45%         2
 Momentum Strike          Conj/Tloc      0%         3d8       45%         2
 Poisonous Vapours        Pois/Air       0%         N/A       45%         2
 Confusing Touch          Hex            0%         N/A       69%         3
 Frozen Ramparts          Ice            0%         1d1       69%         3
 Gell's Gravitas          Tloc           0%         N/A       69%         3
 Hailstorm                Conj/Ice       0%         3d3       69%         3
 Mephitic Cloud           Conj/Pois/Air  0%         N/A       69%         3
 Teleport Other           Tloc           0%         N/A       69%         3
 Vampiric Draining        Necr           0%         2d6       69%         3
 Dispel Undead            Necr           0%         3d6       97%         4
 Agony                    Necr           0%         N/A       100%        5
 Freezing Cloud           Conj/Ice/Air   0%         6-21      100%        5
 Iskenderun's Battlesphe  Conj           0%         2d6       100%        5
 Summon Forest            Summ/Tloc      0%         N/A       100%        5
 Summon Mana Viper        Hex/Summ       0%         N/A       100%        5
 Bombard                  Conj/Erth      0%         9d1       100%        6
 Summon Cactus Giant      Summ           0%         N/A       100%        6
 Spellforged Servitor     Conj/Summ      0%         N/A       100%        7


Dungeon Overview and Level Annotations

Branches:
Dungeon (10/15)            Temple (1/1) D:4             Orc (2/2) D:9
 Bailey (visited)
   Lair: D:8-11         Elf: Orc:2

Altars:
Ashenzari
Cheibriados
Dithmenos
Fedhas
Gozag
Hepliaklqana
Kikubaaqudgha
Makhleb
Nemelex Xobeh
Okawaru
Qazlal
Ru
Sif Muna
Trog
Uskayaw
Vehumet
Wu Jian
Xom
Yredelemnul

Shops:
D:1 *   D:3 ::=:!   D:6 *   D:8 :   D:9 (

Annotations:
D:4 1 runed translucent door
Orc:2 Donald


Innate Abilities, Weirdness & Mutations

You are an enormous anaconda.
You have a powerful constriction melee attack.
Your maximum health is increased.
Your armour is entirely melded.
You are incapable of wielding weapons or throwing items.
((You have a pair of large antennae on your head. (SInv)))
((You are partially covered in sharp spines.))
When hurt, damage is shared between your health and your magic reserves.
You regenerate magic rapidly.
((Your movements are slightly less encumbered by armour. (ER -2)))


Message History

The fiery explosion engulfs Donald.
Flame seeps out of Donald.
Donald is lightly wounded.
The fiery explosion engulfs you!
A puff of flame appears from out of thin air!
Deactivating autopickup; reactivate with Ctrl-A.
The puff of flame hits you but does no damage.
The orc sorcerer is distracted by your dazzling golden aura.
The orc priest is distracted by your dazzling golden aura.
Donald is engulfed in blazing flames.
Flame seeps out of Donald.
Donald completely misses you.
The orc sorcerer shouts!
As you read the scroll labelled KASHRI LAIV, it crumbles to dust.
A profound silence engulfs you.
It was a scroll of silence.
The orc priest is no longer distracted by gold.
Donald is engulfed in blazing flames.
Flame seeps out of Donald.
Donald gestures.
Donald completely misses you.
The orc warrior throws a boomerang.
The boomerang barely misses you.
You hit Donald but do no damage. You grab Donald.
Donald is moderately wounded.
You constrict Donald.
Flame seeps out of Donald.
The orc sorcerer is no longer distracted by gold.
Donald is engulfed in blazing flames.
Flame seeps out of Donald.
Donald hits you with a +3 scimitar of electrocution!!
You are electrocuted!!
The orc warrior throws a boomerang.
The boomerang barely misses you.
You lash Donald!
Flame seeps out of Donald.
Donald is heavily wounded.
You constrict Donald.
Flame seeps out of Donald.
Donald is engulfed in blazing flames.
Flame seeps out of Donald.
Donald hits you with a +3 scimitar of electrocution!!
You are electrocuted!
* * * LOW HITPOINT WARNING * * *
The orc is distracted by your dazzling golden aura.
Donald is engulfed in blazing flames.
Flame seeps out of Donald.
Donald hits you with a +3 scimitar of electrocution!!
* * * LOW HITPOINT WARNING * * *
You are electrocuted!
You die...
Your body crumbles into a pile of gold.

.........................#
.........................#
.........................#
.........................#
.........................#
.........................#
......^..................#
.........................#
...............§So.......#
..............o@)§.$....##
..............o§§§.......#
... .......o......$.# ..
................# .
................#
.......o........#
...............##
...............#


You could see Donald (fast, inner flame, strong), an orc sorcerer (inner flame),
an orc warrior (inner flame), an orc priest (inner flame) and 2 orcs.

Vanquished Creatures
  An orc warlord (D:9)
  2 orc high priests (Orc:1)
  2 orc knights (Orc:1)
  An orc sorcerer (Orc:1)
  A cyclops (D:9)
  A gargoyle (Bailey)
  2 unseen horrors
  The ghost of pigah the Insei, a novice OpSh (D:4)
  7 trolls
  A hornet (D:9)
  2 wyverns
  2 vampires
  2 wraiths
  24 yaks
  2 wargs (Orc:1)
  Edmund (D:3)
  Menkaure (D:4)
  An acid dragon (D:10)
  A water moccasin (D:7)
  An ice beast (D:7)
  21 orc warriors
  2 ogres
  3 centaurs
  4 scorpions
  5 killer bees (D:10)
  6 howler monkeys
  7 vampire bats (Bailey)
  5 wolf zombies (Bailey)
  4 hounds
  A gnoll bouda (D:10)
  11 orc priests
  Ijyb (D:4)
  2 iguanas
  8 orc wizards
  13 gnolls
  7 adders
  A river rat (D:4)
  A white imp (D:7)
  2 ufetubi (D:6)
  3 worms
  31 orcs
  7 endoplasms
  3 giant cockroaches
  9 goblins
  3 hobgoblins
  2 kobolds
  2 quokkas
  5 ball pythons
  5 bats
  A frilled lizard (D:3)
  20 orc zombies (Bailey)
  9 rats
260 creatures vanquished.

Notes
Turn   | Place    | Note
-------+----------+-------------------------------------------
     0 | D:1      | bmb222 the Demonspawn Shapeshifter began the quest for the
                  | Orb.
     0 | D:1      | Reached XP level 1. HP: 15/15 MP: 1/1
   179 | D:1      | Found Ziont's General Store.
   217 | D:1      | Gained mutation: Your movements are slightly less
                  | encumbered by armour. (ER -2) [demonic ancestry]
   217 | D:1      | Reached XP level 2. HP: 19/21 MP: 2/2
   629 | D:2      | Reached skill level 3 in Shapeshifting
   814 | D:2      | Gained mutation: You are partially covered in sharp spines.
                  | [demonic ancestry]
   814 | D:2      | Reached XP level 3. HP: 25/26 MP: 3/3
  1443 | D:3      | Found Qefuf's Jewellery Shop.
  1453 | D:3      | Found a hazy altar of Hepliaklqana.
  1493 | D:3      | Reached skill level 1 in Armour
  1498 | D:3      | Reached XP level 4. HP: 29/32 MP: 4/4
  2102 | D:2      | Gained mutation: You have a pair of small antennae on your
                  | head. [demonic ancestry]
  2102 | D:2      | Reached XP level 5. HP: 37/37 MP: 5/5
  2440 | D:3      | Found Doffoipu's Book Shoppe.
  2642 | D:3      | Found an ancient bone altar of Kikubaaqudgha.
  2744 | D:3      | Identified the +8 spear "Wehip Ponoa" {venom, *Slow rC++
                  | rN+ Stlth+}
  2802 | D:3      | Found Kesavus's Distillery.
  2810 | D:3      | Bought a potion of heal wounds for 65 gold pieces
  2850 | D:3      | Found a sacrificial altar of Ru.
  2884 | D:3      | Found Sarphenk's Book Shoppe.
  2981 | D:3      | Found Gasutu's Book Boutique.
  3462 | D:4      | Gained mutation: You have a pair of antennae on your head.
                  | [demonic ancestry]
  3462 | D:4      | Reached XP level 6. HP: 24/43 MP: 6/6
  3822 | D:4      | Found a shadowy altar of Dithmenos.
  3829 | D:4      | Identified the +5 trident of Dithmenos, Mashing {heavy, rF-
                  | Int+5 Dex+3 SInv}
  3841 | D:4      | Found a staircase to the Ecumenical Temple.
  3856 | D:4      | Noticed Edmund
  3885 | D:3      | Killed Edmund
  3886 | D:3      | Reached skill level 5 in Unarmed Combat
  3947 | Temple   | Entered the Ecumenical Temple
  3956 | Temple   | Became a worshipper of Gozag Ym Sagoz the Greedy
  3987 | D:4      | Noticed Menkaure
  4141 | D:4      | Noticed Ijyb
  4173 | D:4      | Killed Ijyb
  4250 | D:4      | Gained mutation: You regenerate magic rapidly. [demonic
                  | ancestry]
  4250 | D:4      | Reached XP level 7. HP: 39/49 MP: 7/7
  4405 | D:4      | Found a runed translucent door.
  4613 | D:4      | Killed Menkaure
  4614 | D:4      | Reached skill level 4 in Shapeshifting
  4996 | D:4      | Found a runed translucent door.
  4997 | D:4      | Noticed pigah's ghost (novice OpSh)
  5101 | D:4      | Killed pigah's ghost
  5149 | D:5      | Entered Level 5 of the Dungeon
  5214 | D:4      | Reached XP level 8. HP: 54/56 MP: 8/8
  5554 | D:5      | Reached skill level 5 in Armour
  6238 | D:5      | Found a snail-covered altar of Cheibriados.
  6650 | D:6      | Gained mutation: When hurt, damage is shared between your
                  | health and your magic reserves. [demonic ancestry]
  6650 | D:6      | Reached XP level 9. HP: 17/61 MP: 9/9
  6779 | D:6      | Reached skill level 5 in Shapeshifting
  6848 | D:6      | Found a shimmering blue altar of Sif Muna.
  6904 | D:6      | Found Pugul's Assorted Antiques.
  6932 | D:6      | Killed an unseen horror
  7524 | D:7      | Identified the +6 whip of Havoc {distort, rC+}
  8261 | D:3      | Bought a serpent talisman for 300 gold pieces
  8417 | D:8      | Found Bokorgh's Tremendous Tomes.
  8704 | D:8      | Found a flagged portal.
  8724 | Bailey   | Entered a bailey
  8867 | Bailey   | Noticed a gargoyle
  8883 | Bailey   | Killed a gargoyle
  8884 | Bailey   | Reached skill level 6 in Shapeshifting
  8996 | Bailey   | Reached skill level 1 in Evocations
  9177 | Bailey   | Reached XP level 10. HP: 66/72 MP: 10/10
  9303 | Bailey   | Identified the +2 hat "Kufevo Lygi" {rF++ rC+ rCorr Str-2}
  9310 | Bailey   | Identified the +1 robe "Plog" {+Blink Regen+ SInv}
  9977 | D:9      | Reached skill level 7 in Shapeshifting
  9993 | D:9      | Found Pun Nyqyest's Weapon Boutique.
 10024 | D:9      | Noticed a cyclops
 10146 | D:9      | Found a staircase to the Orcish Mines.
 10169 | D:15     | Identified the "Mab Vis"
 10169 | Lair:5   | Identified the "Wuatt"
 10169 | Orc:1    | Entered Level 1 of the Orcish Mines
 10210 | Orc:1    | Noticed an orc warlord
 10319 | D:9      | Killed an orc warlord
 10320 | D:9      | Reached skill level 8 in Shapeshifting
 10441 | D:9      | Found an iron altar of Okawaru.
 10504 | Orc:1    | Reached skill level 5 in Fighting
 10541 | Orc:1    | Noticed an orc high priest
 10558 | Orc:1    | Killed an orc high priest
 10736 | Orc:1    | Reached skill level 9 in Shapeshifting
 10774 | Orc:1    | Noticed an orc knight
 10823 | D:9      | Paralysed by a hornet for 3 turns
 10829 | D:9      | Paralysed by a hornet for 3 turns
 10861 | D:9      | Found a broken altar of Ashenzari.
 11022 | D:9      | Found Icunk's Armour Emporium.
 11212 | D:9      | Killed a cyclops
 11428 | D:10     | Entered Level 10 of the Dungeon
 11437 | D:10     | Reached XP level 11. HP: 69/81 MP: 8/11
 11652 | D:10     | Reached skill level 10 in Shapeshifting
 12582 | Orc:1    | Killed an orc knight
 12799 | Orc:1    | Noticed an orc high priest
 12809 | Orc:1    | Killed an orc high priest
 12892 | Orc:1    | Noticed an orc knight
 12904 | Orc:1    | Killed an orc knight
 13164 | Orc:1    | Noticed an orc sorcerer
 13171 | Orc:1    | Paralysed by an orc sorcerer for 4 turns
 13177 | Orc:1    | Killed an orc sorcerer
 13178 | Orc:1    | Gained mutation: You have a pair of large antennae on your
                  | head. (SInv) [demonic ancestry]
 13178 | Orc:1    | Reached XP level 12. HP: 91/91 MP: 12/12
 13225 | Orc:2    | Entered Level 2 of the Orcish Mines
 13565 | Orc:2    | Noticed Donald
 13577 | Orc:2    | HP: 2/109 [Donald/+3 scimitar of electrocution (30)]
 13577 | Orc:2    | Mangled by Donald

Illustrated notes

Levels and vault maps discovered:
D:1:      tarquinn_simple_flora_water_a, layout_basic, serial_shops, shop
D:2:      layout_loops_corners
D:3:      layout_basic, nicolae_hepliaklqana_hazy_memory,
          mainiacjoe_overflow_alcove_2, marbit_many_paths, serial_shops,
          nicolae_shop_tiny_statue_garden, nicolae_shop_statue_plus,
          nicolae_book_shop_shelving, nicolae_shop_tiny_real_fake_doors, shop
D:4:      layout_basic, lemuel_round_altar, minmay_temple_entry_glassed_door,
          ebering_ghost_sewer_f, uniq_menkaure, uniq_edmund, uniq_ijyb
D:5:      layout_basic, cheibrodos_worm_habitat, dreamdust_gnoll_farm
D:6:      layout_basic, zin_treasury, led_sif_pool, serial_shops,
          nicolae_shop_overgrown_old_shop
D:7:      layout_loops_ring
D:8:      layout_loops_ring, enter_bailey_7, nicolae_shop_i_like_big_books
D:9:      layout_roguey, kennysheep_okawaru_gauntlet, minitemple, david_orc_2,
          serial_shops, nicolae_shop_bloodbath_and_beyond,
          nicolae_shop_tiny_real_fake_doors, minmay_sticks_and_stones
D:10:     minmay_octagon_keep, layout_basic, grunt_ministairs_13,
          serial_bayou_pond_c
Temple:   hellmonk_temple_flake
Orc:1:    orc_temple, layout_diamond_mine, serial_shops, shop, uniq_urug,
          uniq_harold
Orc:2:    st_orc_congregation, layout_caves, basic_altar, uniq_donald

Skill      XL: |  1  2  3  4  5  6  7  8  9 10 11 |
---------------+----------------------------------+-----
Unarmed Combat | 3 4 5 6 7 9 |  9.8
Shapeshifting  | 3 4 6 9 10 | 10.4
Armour         | 1 2 3 4 6 7 |  7.6
Fighting       | 2 4 5 7 |  7.3
Dodging        | 2 3 4 |  4.6
Evocations     | 1 2 |  2.2

Action                     |  1- 3 |  4- 6 |  7- 9 | 10-12 || total
---------------------------+-------+-------+-------+-------++-------
  Melee: Unarmed           |   109 |   120 |   246 |   407 ||   882
         Punch             |     1 |     3 |     8 |       ||    12
         Constrict         |       |       |       |    46 ||    46
  Evoke: Wand              |       |       |     5 |     8 ||    13
    Use: Scroll            |       |     8 |     7 |     2 ||    17
         Potion            |       |     3 |     5 |     3 ||    11
   Stab: Distracted        |       |       |     1 |     2 ||     3
 Armour: Animal skin       |     6 |       |       |       ||     6
         Ring mail         |    21 |     8 |       |       ||    29
         Chain mail        |       |    58 |   133 |    44 ||   235
         Plate armour      |       |       |       |   101 ||   101
         Skin              |       |       |       |   145 ||   145
  Dodge: Dodged            |    79 |    57 |   136 |   270 ||   542
   Form: Flux              |       |       |     1 |       ||     1
         Anaconda          |       |       |       |     1 ||     1

Table legend: (Time is in decaauts)
 A = Elapsed time spent in this place.
 B = Non-inter-level travel time spent in this place.
 C = Inter-level travel time spent in this place.
 D = Time resting spent in this place.
 E = Time spent auto-exploring this place.
 F = Levels seen in this place.
 G = Mean time per level.
                   A        B        C        D        E       F      G
               +--------+--------+--------+--------+--------+-----+--------+
         Total |  13514 |  12884 |    630 |   3193 |   6229 |  14 |  965.3 |
       Dungeon |  11633 |  11045 |    588 |   2884 |   5541 |  10 | 1163.3 |
        Temple |     18 |      9 |      9 |      0 |      0 |   1 |   18.0 |
  Orcish Mines |   1215 |   1183 |     32 |    303 |    493 |   2 |  607.5 |
        Bailey |    647 |    647 |      0 |      6 |    195 |   1 |  647.0 |
               +--------+--------+--------+--------+--------+-----+--------+

Top non-repeatable levels by time:
     D:2: 1651 daAuts
     D:4: 1616 daAuts
     D:3: 1465 daAuts
     D:5: 1305 daAuts
     D:9: 1224 daAuts
    D:10: 1096 daAuts
     D:6: 971 daAuts
     D:7: 900 daAuts
   Orc:1: 868 daAuts
     D:8: 822 daAuts
  Bailey: 647 daAuts
     D:1: 578 daAuts
   Orc:2: 347 daAuts
  Temple: 18 daAuts
